 Dungeon Crawl Stone Soup version 0.31-a0-1172-g9944ec47dd (webtiles) character file.

Game seed: 6497118655206943387

7653 avis the Nimble (level 10, -1/55 HPs)
             Began as a Felid Shapeshifter on Dec 10, 2023.
             Was an Initiate of Gozag.
             Slain by Urug
             ... wielding a +4 battleaxe of flaming
              (12 damage)
             ... on level 10 of the Dungeon on Dec 11, 2023.
             The game lasted 00:56:30 (11474 turns).

avis the Nimble (Felid Shapeshifter)               Turns: 11474, Time: 00:56:31

Health: -1/55      AC:  2    Str: 10    XL:     10   Next: 99%
Magic:  11/11      EV: 25    Int: 17    God:    Gozag
Gold:   1498       SH:  5    Dex: 17    Spells: 4/9 levels left
                                        Lives:  0   Deaths: 4

rFire   . .          .
                       - Unarmed
rCold   . . .        (shield unavailable)
rNeg    . . .        (body armour unavailable)
rPois   .            (helmet unavailable)
rElec   .            (cloak unavailable)
rCorr   .            (gloves unavailable)
SInv    +            (boots unavailable)
Will    ++...        x - amulet of reflection
Stlth   ++           n - ring of wizardry
HPRegen 0.29/turn    y - ring of willpower
MPRegen 0.12/turn

%: reflection, wizardry (x1)
@: blade hands, studying Ice Magic
A: very small, (claws 1), fangs 3, see invisible, shaggy fur 2, (stealthy paws),
no weapons or thrown items, no armour, multi-lived
a: Begin Untransformation, Renounce Religion, Potion Petition, Call Merchant,
Bribe Branch


You were on level 10 of the Dungeon.
You worshipped Gozag.
Gozag was most pleased with you.
You had blades for front paws.
You visited 2 branches of the dungeon, and saw 11 of its levels.

You collected 1645 gold pieces.
You paid 147 gold pieces to Gozag.

Inventory:

Jewellery
 n - a ring of wizardry (left blade hand)
 o - a ring of fire
 x - an amulet of reflection (around neck)
 y - a ring of willpower (right blade hand)
Talismans
 b - a beast talisman
 f - the flux talisman of Day {rC+ Dex+2}
   (You found it on level 4 of the Dungeon)

   [flux talisman]

   Dex+2:     It affects your dexterity (+2).
   rC+:       It protects you from cold.
 j - a blade talisman (active)
Wands
 c - a wand of roots (13)
 D - a wand of mindburst (8)
 E - a wand of flame (7)
Scrolls
 a - a scroll of fog {unknown}
 e - 2 scrolls of noise {unknown}
 h - 4 scrolls of teleportation {unknown}
 l - 2 scrolls of immolation {unknown}
 p - a scroll of amnesia {unknown}
 q - 2 scrolls of blinking {unknown}
 t - a scroll of brand weapon {unknown}
 u - a scroll of enchant armour {unknown}
 v - a scroll of revelation {unknown}
 w - a scroll of butterflies {unknown}
 A - a scroll of enchant weapon {unknown}
 B - a scroll of vulnerability {unknown}
 C - a scroll of acquirement {unknown}
Potions
 d - 2 potions of degeneration
 g - a potion of ambrosia
 i - a potion of brilliance
 k - 4 potions of curing
 m - 2 potions of mutation {unknown}
 r - a potion of cancellation {unknown}
 s - 2 potions of invisibility
 z - 3 potions of might
 G - a potion of lignification


   Skills:
 - Level 7.0 Fighting
 - Level 12.0 Dodging
 * Level 6.4 Unarmed Combat
 - Level 10.0 Shapeshifting


You had 4 spell levels left.
You knew the following spells:

 Your Spells              Type           Power      Damage    Failure   Level
v - Summon Mana Viper     Hex/Summ       0%         N/A       92%         5

Your spell library contained the following spells:

 Spells                   Type           Power      Damage    Failure   Level
 Dazzling Flash           Conj/Hex       0%         N/A       26%         3
 Volatile Blastmotes      Fire/Tloc      0%         2d10      26%         3
 Cause Fear               Hex            0%         N/A       65%         4
 Fireball                 Conj/Fire      0%         3d3       92%         5
 Summon Forest            Summ/Tloc      0%         N/A       92%         5
 Starburst                Conj/Fire      0%         6d3       100%        6
 Summon Cactus Giant      Summ           0%         N/A       100%        6
 Maxwell's Capacitive Co  Air            0%         ∞         100%        8
 Dragon's Call            Summ           0%         N/A       100%        9


Dungeon Overview and Level Annotations

Branches:
Dungeon (10/15)            Temple (1/1) D:5            Lair (0/5) D:10
    Orc: D:9-12

Altars:
Ashenzari
Cheibriados
Dithmenos
Elyvilon
Fedhas
Gozag
Hepliaklqana
Kikubaaqudgha
Makhleb
Nemelex Xobeh
Okawaru
Qazlal
Ru
Sif Muna
Trog
Uskayaw
Vehumet
Wu Jian
Xom
Yredelemnul
Zin
The Shining One

Shops:
D:4 **   D:7 *

Annotations:
D:2 1 runed translucent door, exclusion: door, Crazy Yiuf
D:7 2 transporters, Sundig's ghost, novice HuFi
D:10 Urug


Innate Abilities, Weirdness & Mutations

You have blades for front paws.
((You have sharp claws.))
You have razor-sharp teeth.
You have supernaturally acute eyesight. (SInv)
You are covered in thick fur. (AC +2)
((Your paws help you pounce on unaware monsters.))
You are incapable of wielding weapons or throwing items.
You cannot wear armour.
You gain extra lives every three experience levels.


Message History

You open the door.
Found a scroll of identify.
There is an open door here.
F - a scroll of identify
G - a potion of lignification
As you read the scroll of identify, it crumbles to dust.
z - 3 potions of might Urug the Orcish Ballista comes into view.
She is wielding a +4 battleaxe of flaming.
Found a scroll labelled SIUKKIREUM.
Urug shouts!
Urug throws a javelin.
The javelin pierces through you!
Found 21 gold pieces.
Urug screams, "All you harpies will die!"
Urug throws a javelin.
The javelin pierces through you.
Urug throws a javelin.
The javelin completely misses you.
Urug throws a javelin.
The javelin pierces through you!!
* * * LOW HITPOINT WARNING * * *
Urug completely misses you.
You closely miss Urug. You hit Urug. You slash Urug.
You bite Urug, but do no damage.
Urug is lightly wounded.
Urug closely misses you.
You slash Urug!
Urug is lightly wounded.
Urug hits you with a +4 battleaxe of flaming.
* * * LOW HITPOINT WARNING * * *
Urug burns you.
* * * LOW HITPOINT WARNING * * *
You slash Urug!
Urug is moderately wounded.
You block Urug's attack.
You slash Urug! You bite Urug, but do no damage.
Urug is heavily wounded.
Urug misses you.
You completely miss Urug.
Urug is heavily wounded.
Urug hits you with a +4 battleaxe of flaming!
You die...
Urug says, "One more harpy dead."
Your body crumbles into a pile of gold.

#.#......#....#............#....
##.########....#####.......##....
...................#.....>.#.....
...................#.......#.....
...................#.......'.....
...................#########.....
.................................
...########...?..................
...# #.$..o@................ ...#
#........#####......... ...#
#...####.# #......... ...# #..
#.# #......... ## #.# ##########
###


You could see Urug.

Vanquished Creatures
  Jeremiah (D:9)
  Maggie (D:9)
  A hornet (D:8)
  A water elemental (D:10)
  2 wyverns (D:9)
  5 yaks
  Eustachio (D:6)
  6 vampire mosquitoes
  3 steam dragons
  Menkaure (D:7)
  2 wargs (D:10)
  3 water moccasins
  2 sky beasts
  Duvessa (D:5)
  3 orc warriors
  A black bear (D:5)
  2 ice beasts
  2 ogres
  3 centaurs
  A phantom (D:7)
  3 kobold brigands
  4 bullfrogs
  A gnoll sergeant (D:9)
  A scorpion (D:5)
  8 wights
  Dowan (D:5)
  12 killer bees (D:7)
  An electric eel (D:6)
  2 howler monkeys
  4 hounds
  A jelly (D:6)
  4 orc priests
  A sleepcap (D:6)
  2 iguanas
  6 orc wizards
  5 gnolls (D:9)
  6 adders
  A shadow imp (D:6)
  2 white imps
  2 worms
  4 dart slugs
  25 orcs
  11 ball pythons
  5 bats
  8 endoplasms
  4 giant cockroaches
  7 goblins
  9 hobgoblins
  8 jackals
  4 quokkas
  6 frilled lizards
  19 kobolds
  10 rats
229 creatures vanquished.

Notes
Turn   | Place    | Note
-------+----------+-------------------------------------------
     0 | D:1      | avis the Felid Shapeshifter began the quest for the Orb.
     0 | D:1      | Reached XP level 1. HP: 10/10 MP: 2/2
   135 | D:1      | Reached XP level 2. HP: 14/14 MP: 3/3
   290 | D:1      | Found a faded altar of an unknown god.
   606 | D:1      | Reached XP level 3. HP: 14/18 MP: 4/4
   712 | D:1      | Reached skill level 3 in Dodging
   977 | D:2      | Found a sparkling altar of Nemelex Xobeh.
  1335 | D:2      | Found a runed translucent door.
  1336 | D:2      | Noticed Crazy Yiuf
  1753 | D:3      | Reached XP level 4. HP: 15/23 MP: 5/5
  2990 | D:4      | Reached skill level 4 in Dodging
  2995 | D:4      | Found Mon Reul's CLEARANCE SALE!.
  3064 | D:4      | You fall into a shaft and drop 2 floors!
  3064 | D:6      | Found a hazy altar of Hepliaklqana.
  3067 | D:6      | Noticed a water moccasin
  3096 | D:6      | Reached XP level 5. HP: 7/28 MP: 6/6
  3162 | D:6      | Reached skill level 5 in Dodging
  3199 | D:6      | Killed a water moccasin
  3200 | D:6      | Reached skill level 6 in Dodging
  3200 | D:6      | Gained mutation: You are covered in thick fur. (AC +2)
                  | [Felid growth]
  3200 | D:6      | Reached XP level 6. HP: 32/32 MP: 7/7
  3231 | D:6      | Noticed Eustachio
  3251 | D:6      | Slain by a river rat
  3336 | D:6      | Killed Eustachio
  3387 | D:6      | Noticed a steam dragon
  3394 | D:6      | Killed a steam dragon
  3395 | D:6      | Reached skill level 5 in Shapeshifting
  3395 | D:6      | Reached XP level 7. HP: 36/36 MP: 8/8
  3624 | D:5      | Entered Level 5 of the Dungeon
  3785 | D:4      | Found a sparkling altar of Nemelex Xobeh.
  3785 | D:4      | Identified the flux talisman of Day {rC+ Dex+2}
  3893 | D:4      | Slain by a kobold brigand
  3910 | D:4      | Found Zuc Zomu's Assorted Antiques.
  3998 | D:4      | Found a bloodstained altar of Trog.
  4190 | D:4      | Found a stormy altar of Qazlal.
  4302 | D:4      | Found a white marble altar of Elyvilon.
  4669 | D:5      | Found a staircase to the Ecumenical Temple.
  4675 | Temple   | Entered the Ecumenical Temple
  4703 | Temple   | Became a worshipper of Gozag Ym Sagoz the Greedy
  4856 | D:5      | Reached XP level 8. HP: 40/40 MP: 9/9
  4877 | D:5      | Noticed Dowan
  4878 | D:5      | Noticed Duvessa
  4905 | D:5      | Killed Dowan
  4906 | D:5      | Reached skill level 7 in Dodging
  5019 | D:5      | Killed Duvessa
  5093 | D:5      | Reached skill level 8 in Dodging
  5480 | D:6      | Found a shimmering blue altar of Sif Muna.
  5496 | D:6      | Reached skill level 9 in Dodging
  6197 | D:6      | Reached skill level 5 in Fighting
  6264 | D:7      | Noticed a moth of wrath
  6264 | D:7      | Noticed Menkaure
  6266 | D:7      | Found a bloodstained altar of Trog.
  6266 | D:7      | Noticed Sundig's ghost (novice HuFi)
  6572 | D:7      | Reached XP level 9. HP: 47/47 MP: 10/10
  6596 | D:7      | Found Mebale's Gadget Gallery.
  6908 | D:7      | Killed Menkaure
  6968 | D:7      | Learned a level 5 spell: Summon Mana Viper
  7535 | D:7      | Found a transporter.
  7579 | D:7      | Found a transporter.
  8400 | D:7      | Reached skill level 10 in Shapeshifting
  8714 | D:7      | Reached skill level 10 in Dodging
  8714 | D:7      | Reached XP level 10. HP: 27/51 MP: 11/11
  8947 | D:7      | Reached skill level 11 in Dodging
  9406 | D:8      | Found a faded altar of an unknown god.
  9639 | D:8      | Reached skill level 12 in Dodging
  9824 | D:9      | Noticed Jeremiah
  9841 | D:9      | Killed Jeremiah
  9946 | D:9      | Noticed Maggie
  9961 | D:9      | Killed Maggie
  9962 | D:9      | Reached skill level 5 in Unarmed Combat
 10736 | D:10     | Entered Level 10 of the Dungeon
 11244 | D:10     | Slain by a water elemental
 11251 | D:10     | Found a radiant altar of Vehumet.
 11286 | D:10     | Found a staircase to the Lair.
 11354 | D:10     | Killed from afar by an orc priest
 11463 | D:10     | Noticed Urug
 11474 | D:10     | Slain by Urug

Illustrated notes

Levels and vault maps discovered:
D:1:      dpeg_arrival_fog, layout_rooms, ebering_ecumenical_altar_webs
D:2:      layout_basic, basic_altar, uniq_crazy_yiuf_cottage
D:3:      layout_loops_corners
D:4:      cheibrodos_thug_alley, layout_basic, nicolae_overflow_crystal_walls,
          nicolae_qazlal_beasts_of_the_sky, mainiacjoe_overflow_paths,
          lemuel_doored_altar, nicolae_take_the_stairs, nicolae_shop_clearance
D:5:      layout_loops_ring, minmay_temple_entry_waves, uniq_duvessa
D:6:      layout_basic, mainiacjoe_overflow_brackets, amcnicky_altar_gilded,
          minmay_crystal_water, serial_park_tiny_pond, uniq_eustachio
D:7:      layout_layer_cave, gammafunk_ghost_wrathful_warriors,
          grunt_ministairs_13, nicolae_shop_gadgets, uniq_menkaure
D:8:      layout_cave_pools, serial_column_ruins, column_ruins_square_small,
          column_ruins_temple_hall, column_ruins_open_tiny, column_ruins_grid_1,
          column_ruins_open_medium, column_ruins_open_tiny,
          column_ruins_open_small, minmay_manual_mess
D:9:      layout_irregular_city, uniq_jeremiah, uniq_maggie
D:10:     layout_irregular_city, kennysheep_mini, erik_lair_orcish_takeover,
          erik_orc_1, nicolae_underground_beach, uniq_urug
Temple:   bh_familiar_temple

Skill      XL: |  1  2  3  4  5  6  7  8  9 10 |
---------------+-------------------------------+-----
Shapeshifting  | 3 5 7 10 | 10.0
Fighting       | 2 3 5 7 |  7.0
Dodging        | 3 4 6 9 10 12 | 12.0
Unarmed Combat | 6 |  6.4

Action                     |  1- 3 |  4- 6 |  7- 9 | 10-12 || total
---------------------------+-------+-------+-------+-------++-------
  Melee: Unarmed           |   118 |    94 |   390 |   276 ||   878
         Punch             |     4 |     2 |     5 |     9 ||    20
         Bite              |     5 |     9 |    41 |    42 ||    97
  Evoke: Wand              |       |       |       |     3 ||     3
    Use: Potion            |       |     3 |     8 |     2 ||    13
         Scroll            |       |       |     7 |     1 ||     8
   Stab: Sleeping          |     1 |     2 |     1 |       ||     4
         Distracted        |       |       |     1 |     4 ||     5
         Invisible         |       |       |       |     1 ||     1
 Armour: Skin              |    29 |    39 |   178 |    75 ||   321
  Dodge: Dodged            |   129 |    56 |   330 |   297 ||   812
  Block: Other             |       |       |    77 |    51 ||   128
         Reflection        |       |       |       |     1 ||     1
   Form: Flux              |       |       |     1 |       ||     1
         Blade             |       |       |       |     1 ||     1

Table legend: (Time is in decaauts)
 A = Elapsed time spent in this place.
 B = Non-inter-level travel time spent in this place.
 C = Inter-level travel time spent in this place.
 D = Time resting spent in this place.
 E = Time spent auto-exploring this place.
 F = Levels seen in this place.
 G = Mean time per level.
                   A        B        C        D        E       F      G
               +--------+--------+--------+--------+--------+-----+--------+
         Total |  11465 |  10466 |    999 |   2380 |   5254 |  11 | 1042.3 |
       Dungeon |  11395 |  10441 |    954 |   2380 |   5254 |  10 | 1139.5 |
        Temple |     69 |     24 |     45 |      0 |      0 |   1 |   69.0 |
               +--------+--------+--------+--------+--------+-----+--------+

Top non-repeatable levels by time:
     D:7: 2408 daAuts
     D:6: 1397 daAuts
     D:9: 1323 daAuts
     D:2: 1142 daAuts
     D:4: 1092 daAuts
     D:3: 1047 daAuts
     D:8: 930 daAuts
     D:5: 863 daAuts
     D:1: 737 daAuts
    D:10: 451 daAuts
  Temple: 69 daAuts
